 Dungeon Crawl Stone Soup version 0.31-b1-17-gcfd88c8481 (webtiles) character file.

Game seed: 12857432814211483766

3461 Arctor the Vexing (level 10, -21/76 HPs)
             Began as a Gnoll Hexslinger on Jan 15, 2024.
             Was a Follower of Dithmenos.
             Demolished by a red ugly thing (22 damage)
             ... on level 6 of the Dungeon.
             The game lasted 00:22:24 (6032 turns).

Arctor the Vexing (Gnoll Hexslinger)                Turns: 6032, Time: 00:22:24

Health: -21/76     AC: 18    Str:  8    XL:     10   Next: 6%
Magic:  18/18      EV:  6    Int: 13    God:    Dithmenos [*.....]
Gold:   0          SH:  5    Dex: 18    Spells: 2/20 levels left

rFire   . . .        k - +10 morningstar of Brutal Revenge {heavy, +Blink rN+}
rCold   + . .        (no shield)
rNeg    + . .        l - +2 chain mail {rC+}
rPois   .            (no helmet)
rElec   .            t - +0 cloak
rCorr   .            c - +0 pair of gloves
SInv    .            (no boots)
Will    .....        e - amulet of reflection Stlth
                     d - +4 ring of protection
HPRegen 1.12/turn    p - +4 ring of slaying
MPRegen 0.16/turn

%: reflection
@: wreathed by umbra
A: fangs 1, strong nose, distributed training, regeneration 1
a: Renounce Religion, Evoke Blink


You were on level 6 of the Dungeon.
You worshipped Dithmenos.
Dithmenos was aware of your devotion.
You visited 1 branch of the dungeon, and saw 8 of its levels.
You also visited: Sewer.

Inventory:

Hand Weapons
 a - a +2 heavy sling
 k - the +10 morningstar of Brutal Revenge (weapon) {heavy, +Blink rN+}
   (You found it on level 6 of the Dungeon)

   rN+:       It protects you from negative energy.
   +Blink:    It lets you blink.
Armour
 c - a +0 pair of gloves (worn)
 g - the +2 leather armour of Xucso {rF+}
   (You found it on level 4 of the Dungeon)

   rF+:       It protects you from fire.
 l - a +2 chain mail of cold resistance (worn)
 t - a +0 cloak (worn)
Magical Staves
 z - a staff of alchemy
Jewellery
 d - a +4 ring of protection (left hand)
 e - an amulet of reflection (around neck)
 i - a ring of see invisible
 p - a +4 ring of slaying (right hand)
 r - a ring of fire
 u - a +6 ring of dexterity
 v - a +6 ring of strength
 A - a ring of ice
Wands
 o - a wand of paralysis (16)
Scrolls
 b - a scroll of poison
 f - a scroll of identify
 m - 4 scrolls of noise
 n - a scroll of vulnerability
 B - a scroll of amnesia
Potions
 h - a potion of mutation
 j - a potion of enlightenment


   Skills:
 + Level 5.7 Fighting
 + Level 5.1 Short Blades
 + Level 5.1 Long Blades
 + Level 5.1 Axes
 + Level 5.1 Maces & Flails
 + Level 5.1 Polearms
 + Level 5.1 Staves
 + Level 6.9 Ranged Weapons
 + Level 5.1 Throwing
 + Level 5.1 Armour
 + Level 6.9 Dodging
 + Level 5.1 Stealth
 + Level 5.1 Shields
 + Level 5.1 Unarmed Combat
 + Level 5.9 Spellcasting
 + Level 4.2 Conjurations
 + Level 7.0 Hexes
 + Level 4.2 Summonings
 + Level 4.2 Necromancy
 + Level 4.2 Translocations
 + Level 4.7 Fire Magic
 + Level 4.2 Ice Magic
 + Level 4.2 Air Magic
 + Level 4.2 Earth Magic
 + Level 4.2 Alchemy
 + Level 5.6 Invocations
 + Level 5.1 Evocations
 + Level 4.6 Shapeshifting


You had 2 spell levels left.
You knew the following spells:

 Your Spells              Type           Power      Damage    Failure   Level
a - Jinxbite              Hex            44%        N/A       65%         2
b - Dimensional Bullseye  Hex/Tloc       9%         N/A       100%        4
c - Teleport Other        Tloc           14%        N/A       99%         3
d - Tukima's Dance        Hex            22%        N/A       86%         3
e - Sigil of Binding      Hex            22%        N/A       86%         3
f - Inner Flame           Hex/Fire       19%        N/A       95%         3

Your spell library contained the following spells:

 Spells                   Type           Power      Damage    Failure   Level
 Lesser Beckoning         Tloc           28%        N/A       95%         2
 Gell's Gravitas          Tloc           14%        N/A       99%         3
 Cause Fear               Hex            11%        N/A       99%         4
 Passage of Golubria      Tloc           14%        N/A       100%        4
 Yara's Violent Unravell  Hex/Alch       9%         3d6       100%        5


Dungeon Overview and Level Annotations

Branches:
Dungeon (8/15)             Temple (0/1) D:6           Sewer (visited)
   Lair: D:8-11

Altars:
Dithmenos
Makhleb
Trog

Annotations:
D:6 2 runed translucent doors, Maurice
D:7 Joseph, Prince Ribbit


Innate Abilities, Weirdness & Mutations

You have very sharp teeth.
Your uncanny sense of smell can sniff out nearby items.
Your experience applies equally to all skills.
Your natural rate of healing is unusually fast.


Message History

Casting: Teleport Other (quite dangerous; 99% risk of failure)
Confirm with . or Enter, or press ? or * to list all spells.
Okay, then.
Okay, then.
You feel sick.
You feel sick.
You feel sick.
You are no longer poisoned.
HP restored.
Done exploring.
Done exploring.
Done exploring.
What level of the Dungeon? (default 6, ? - help)
You climb downwards.
Level annotation: Joseph, Prince Ribbit The sleepcap releases spores at you but does no damage.
The red ugly thing kicks you but does no damage.
The sleepcap releases spores at you!
There is a stone staircase leading up, spattered with blood here.
There are monsters nearby!
The red ugly thing kicks you but does no damage.
The sleepcap barely misses you.
You climb upwards.
Level annotation: 2 runed translucent doors, Maurice
There is a stone staircase leading down, spattered with blood here.
The red ugly thing attacks as it pursues you!
The red ugly thing kicks you.
You are engulfed in flames!
You block the sleepcap's attack.
The red ugly thing attacks as it pursues you!
The red ugly thing kicks you.
You are engulfed in flames!
The red ugly thing attacks as it pursues you!
The red ugly thing kicks you!
You are engulfed in flames!!
* * * LOW HITPOINT WARNING * * *
The sleepcap attacks as it pursues you!
The sleepcap releases spores at you but does no damage.
The red ugly thing attacks as it pursues you!
The red ugly thing kicks you.
* * * LOW HITPOINT WARNING * * *
You are engulfed in flames!!
You die...

..#.#.##.##.##.#.#.#
..##...######)#†##.#
#..###'# #'###..#
##.....######......#
####.##8..8##.....# ##
#.#8....8#.#.###
.####.'......+.#.#
......'..)...+.#.#####
####..#8....8#..@....#
#..##8[.8##..u....#
##..######..f.....#
######.....[...).....#
...###..###.....>....#
##...#.####.[[.).....#
###...##.#..........#
###[...#..........#
######<.#.###.....####


You could see a red ugly thing and a sleepcap.

Vanquished Creatures
  Pikel (D:4)
  A troll (D:6)
  Sigmund (D:5)
  A wraith (D:6)
  A vampire mosquito (D:6)
  2 water moccasins (D:6)
  Duvessa (D:4)
  An ice beast (D:5)
  Pargi (Sewer)
  2 sky beasts (D:6)
  A phantom (D:4)
  3 lemures
  A brain worm (Sewer)
  2 bullfrogs (D:6)
  2 gnoll sergeants
  5 scorpions
  Dowan (D:4)
  6 killer bees (D:6)
  2 jellies
  2 bombardier beetles
  4 hounds
  2 orc priests (D:7)
  3 iguanas
  4 orc wizards
  3 gnolls
  6 adders
  3 shadow imps
  2 white imps
  An ufetubus (D:6)
  A ribbon worm (D:3)
  2 dart slugs
  17 orcs
  5 endoplasms
  A giant cockroach (D:3)
  4 goblins
  7 hobgoblins
  4 jackals (D:4)
  6 quokkas
  9 ball pythons
  12 bats
  2 frilled lizards (D:1)
  6 kobolds
  11 rats
152 creatures vanquished.

Notes
Turn   | Place    | Note
-------+----------+-------------------------------------------
     0 | D:1      | Arctor the Gnoll Hexslinger began the quest for the Orb.
     0 | D:1      | Reached XP level 1. HP: 17/17 MP: 4/4
   193 | D:1      | Reached XP level 2. HP: 21/23 MP: 5/5
   459 | D:1      | Found a faded altar of an unknown god.
   733 | D:2      | Identified a scroll of acquirement
   770 | D:2      | Reached XP level 3. HP: 28/28 MP: 7/7
   957 | D:2      | Reached skill level 1 in Invocations
  1460 | D:3      | Reached skill level 1 in Short Blades
  1460 | D:3      | Reached skill level 1 in Long Blades
  1460 | D:3      | Reached skill level 1 in Axes
  1460 | D:3      | Reached skill level 1 in Maces & Flails
  1460 | D:3      | Reached skill level 1 in Polearms
  1460 | D:3      | Reached skill level 1 in Staves
  1460 | D:3      | Reached skill level 1 in Throwing
  1460 | D:3      | Reached skill level 1 in Armour
  1460 | D:3      | Reached skill level 1 in Stealth
  1460 | D:3      | Reached skill level 1 in Shields
  1460 | D:3      | Reached skill level 1 in Unarmed Combat
  1460 | D:3      | Reached skill level 1 in Evocations
  1840 | D:3      | Found a burning altar of Makhleb.
  1917 | D:3      | Reached skill level 1 in Shapeshifting
  1917 | D:3      | Reached XP level 4. HP: 34/34 MP: 8/8
  1967 | D:3      | Found a shadowy altar of Dithmenos.
  2031 | D:3      | Became a worshipper of Dithmenos the Shadowed
  2127 | D:4      | Identified the +2 leather armour of Xucso {rF+}
  2158 | D:4      | Noticed Dowan
  2159 | D:4      | Noticed Duvessa
  2172 | D:4      | Killed Dowan
  2173 | D:4      | Reached skill level 1 in Conjurations
  2173 | D:4      | Reached skill level 1 in Summonings
  2173 | D:4      | Reached skill level 1 in Necromancy
  2173 | D:4      | Reached skill level 1 in Translocations
  2173 | D:4      | Reached skill level 1 in Ice Magic
  2173 | D:4      | Reached skill level 1 in Air Magic
  2173 | D:4      | Reached skill level 1 in Earth Magic
  2173 | D:4      | Reached skill level 1 in Alchemy
  2178 | D:4      | Gained mutation: Your natural rate of healing is unusually
                  | fast. [potion of mutation]
  2203 | D:4      | Killed Duvessa
  2204 | D:4      | Reached XP level 5. HP: 6/41 MP: 9/9
  2480 | D:4      | Reached XP level 6. HP: 47/47 MP: 11/11
  2519 | D:4      | Reached skill level 5 in Ranged Weapons
  2519 | D:4      | Reached skill level 5 in Dodging
  2724 | D:4      | Reached * piety under Dithmenos
  2725 | D:4      | Reached XP level 7. HP: 40/52 MP: 12/12
  2767 | D:4      | Found a bloodstained altar of Trog.
  2805 | D:5      | Entered Level 5 of the Dungeon
  2837 | D:5      | Noticed Pikel
  2877 | D:4      | Killed Pikel
  2878 | D:4      | Reached skill level 6 in Hexes
  2878 | D:4      | Reached XP level 8. HP: 59/60 MP: 12/14
  3139 | D:5      | Found a glowing drain.
  3152 | Sewer    | Entered a sewer
  3191 | Sewer    | Noticed Pargi
  3207 | Sewer    | Killed Pargi
  3287 | D:5      | Learned a level 2 spell: Jinxbite
  3292 | D:5      | Learned a level 4 spell: Dimensional Bullseye
  3393 | D:5      | Noticed Sigmund
  3398 | D:5      | Killed Sigmund
  4013 | D:6      | Learned a level 3 spell: Teleport Other
  4031 | D:6      | Found a large runed translucent door.
  4031 | D:6      | Found a large runed translucent door.
  4035 | D:6      | Noticed a red ugly thing
  4035 | D:6      | Noticed a wraith
  4040 | D:6      | Found a large runed translucent door.
  4040 | D:6      | Found a large runed translucent door.
  4072 | D:6      | Reached XP level 9. HP: 65/67 MP: 16/16
  4074 | D:6      | Reached ** piety under Dithmenos
  4075 | D:6      | Reached skill level 5 in Spellcasting
  4185 | D:6      | Reached skill level 5 in Fighting
  4200 | D:6      | Noticed a troll
  4390 | D:6      | Killed a troll
  4632 | D:6      | Found a staircase to the Ecumenical Temple.
  4717 | D:6      | Reached skill level 5 in Invocations
  4936 | D:7      | Noticed Maurice
  4941 | D:8      | Noticed a two-headed ogre
  4974 | D:7      | Noticed a cyclops
  5037 | D:7      | Noticed Prince Ribbit
  5299 | D:7      | Noticed Joseph
  5413 | D:7      | Maurice stole a +4 ring of protection
  5422 | D:6      | Something stole 289 gold
  5435 | D:6      | Something stole a +2 falchion of holy wrath
  5436 | D:6      | Something stole a serpent talisman
  5438 | D:6      | Maurice stole a throwing net
  5523 | D:6      | Acquired Great Wizards, Vol. VII
  5529 | D:6      | Learned a level 3 spell: Tukima's Dance
  5533 | D:6      | Learned a level 3 spell: Sigil of Binding
  5537 | D:6      | Learned a level 3 spell: Inner Flame
  5698 | D:6      | Identified the +10 morningstar of Brutal Revenge {heavy,
                  | +Blink rN+}
  5744 | D:6      | Something stole 76 gold
  5762 | D:6      | Reached skill level 5 in Short Blades
  5762 | D:6      | Reached skill level 5 in Long Blades
  5762 | D:6      | Reached skill level 5 in Axes
  5762 | D:6      | Reached skill level 5 in Maces & Flails
  5762 | D:6      | Reached skill level 5 in Polearms
  5762 | D:6      | Reached skill level 5 in Staves
  5762 | D:6      | Reached skill level 5 in Throwing
  5762 | D:6      | Reached skill level 5 in Armour
  5762 | D:6      | Reached skill level 5 in Stealth
  5762 | D:6      | Reached skill level 5 in Shields
  5762 | D:6      | Reached skill level 5 in Unarmed Combat
  5762 | D:6      | Reached skill level 5 in Evocations
  5762 | D:6      | Reached XP level 10. HP: 22/76 MP: 16/18
  5965 | D:6      | Reached skill level 7 in Hexes
  6032 | D:6      | HP: 1/76 [red ugly thing (4)]
  6032 | D:6      | Demolished by a red ugly thing

Illustrated notes

Levels and vault maps discovered:
D:1:      dpeg_arrival_pits, layout_loops_ring,
          hellmonk_ecumenical_altar_arch_garden, minmay_crystal_water,
          serial_park_tiny_1
D:2:      layout_rooms, serial_bayou, serial_bayou_lagoon_a,
          serial_bayou_pond_c, serial_bayou_shore_a, serial_bayou_pond_e
D:3:      layout_loops_corners, mainiacjoe_overflow_cross_hatched,
          nicolae_dithmenos_through_a_glass_darkly
D:4:      layout_rooms, mainiacjoe_overflow_alcove_1, uniq_duvessa
D:5:      layout_layer_cave, portal_sewer_entry_c, uniq_sigmund, uniq_pikel
D:6:      layout_rooms, minmay_temple_entry_fiery, minmay_hollow_rounded_squares
D:7:      layout_rooms, nicolae_sif_muna_condensation, serial_demonic,
          serial_demonic_b, serial_demonic_f, serial_demonic_d,
          serial_demonic_f, uniq_prince_ribbit1, uniq_maurice, uniq_joseph
D:8:      minmay_the_grid_triangle_9x9_recursive_2
          [minmay_the_grid_triangle_9x9_prize_top_heavy,
          minmay_the_grid_triangle_9x9_warning,
          minmay_the_grid_triangle_9x9_negative_grid,
          minmay_the_grid_triangle_9x9_odd_lines], layout_loops_cross,
          nicolae_overflow_hidden_temple, tso_metal_star

Skill      XL: |  1  2  3  4  5  6  7  8  9 10 |
---------------+-------------------------------+-----
Fire Magic     | 2 3 4 |  4.7
Invocations    | 1 2 3 4 5 |  5.6
Short Blades   | 1 2 3 5 |  5.1
Long Blades    | 1 2 3 5 |  5.1
Axes           | 1 2 3 5 |  5.1
Maces & Flails | 1 2 3 5 |  5.1
Polearms       | 1 2 3 5 |  5.1
Staves         | 1 2 3 5 |  5.1
Throwing       | 1 2 3 5 |  5.1
Armour         | 1 2 3 5 |  5.1
Stealth        | 1 2 3 5 |  5.1
Shields        | 1 2 3 5 |  5.1
Unarmed Combat | 1 2 3 5 |  5.1
Evocations     | 1 2 3 5 |  5.1
Shapeshifting  | 1 2 3 4 |  4.6
Spellcasting   | 3 4 5 |  5.9
Conjurations   | 1 2 3 4 |  4.2
Summonings     | 1 2 3 4 |  4.2
Necromancy     | 1 2 3 4 |  4.2
Translocations | 1 2 3 4 |  4.2
Ice Magic      | 1 2 3 4 |  4.2
Air Magic      | 1 2 3 4 |  4.2
Earth Magic    | 1 2 3 4 |  4.2
Alchemy        | 1 2 3 4 |  4.2
Fighting       | 3 4 5 |  5.7
Ranged Weapons | 5 6 |  6.9
Dodging        | 5 6 |  6.9
Hexes          | 6 7 |  7.0

Action                     |  1- 3 |  4- 6 |  7- 9 | 10-12 || total
---------------------------+-------+-------+-------+-------++-------
  Melee: Sling             |       |       |     9 |       ||     9
         Morningstar       |       |       |     7 |    24 ||    31
         Punch             |       |       |     1 |     1 ||     2
         Bite              |       |       |     1 |     1 ||     2
   Fire: Sling             |   121 |   138 |   268 |       ||   527
   Cast: Teleport Other    |       |       |     8 |       ||     8
         Jinxbite          |       |       |     1 |       ||     1
         Dimensional Bulls |       |       |     1 |       ||     1
 Invoke: Shadow Step       |       |       |     4 |       ||     4
Ability: Evoke Blink       |       |       |       |     1 ||     1
    Use: Scroll            |     6 |     1 |     5 |       ||    12
         Potion            |       |     3 |     2 |       ||     5
 Armour: Robe              |    18 |     3 |       |       ||    21
         Skin              |       |    48 |       |       ||    48
         Leather armour    |       |    27 |   185 |       ||   212
         Chain mail        |       |       |    24 |    75 ||    99
  Dodge: Dodged            |    24 |    32 |   328 |    18 ||   402
  Block: Other             |     5 |    20 |    91 |     9 ||   125
         Reflection        |     2 |       |     1 |       ||     3
